 Dungeon Crawl Stone Soup version 0.32-a0-38-gb04dd89b9b (webtiles) character file.

Game seed: 8194017194412087573

4832 Newt the Mimic (level 10, -3/94 HPs)
             Began as an Octopode Shapeshifter on Jan 23, 2024.
             Was a Believer of Okawaru.
             Succumbed to a killer bee's poison
             ... while paralysed by a hornet
             ... on level 9 of the Dungeon.
             The game lasted 00:11:28 (9298 turns).

Newt the Mimic (Octopode Shapeshifter)              Turns: 9298, Time: 00:11:29

Health: -3/94      AC:  1    Str: 18    XL:     10   Next: 49%
Magic:  10/10      EV:  2    Int: 12    God:    Okawaru [**....]
Gold:   247        SH:  0    Dex: 12    Spells: 9/9 levels left

rFire   . .          .
                       - Unarmed
rCold   . . .        u - orb {*Rage}
rNeg    . . .        (helmet restricted)
rPois   .            w - amulet of regeneration
rElec   .            (no ring)
rCorr   .            (no ring)
SInv    .            (no ring)
Will    .....        (no ring) Stlth
                     (no ring)
HPRegen 1.15/turn    (no ring)
MPRegen 0.12/turn    (no ring)
                     (no ring)

%: random rage (20%)
@: paralysed, mighty, berserking, lethally poisoned (-3 -> -20), maw-form
A: devouring maw, almost no armour, amphibious, 8 rings, camouflage 1,
gelatinous body 1, (nimble swimmer 1), tentacles
a: Begin Untransformation, Renounce Religion, Heroism


You were on level 9 of the Dungeon.
You worshipped Okawaru.
Okawaru was pleased with you.
You were a creature with a mouth for a stomach.
You visited 2 branches of the dungeon, and saw 10 of its levels.
You also visited: Ossuary.

You collected 337 gold pieces.
You spent 90 gold pieces at shops.

Inventory:

Hand Weapons
 h - the +7 falchion of Adverse Possession {venom, rC+ Will- rCorr Stlth+}
   (You found it on level 4 of the Dungeon)

   rC+:       It protects you from cold.
   Will-:     It decreases your willpower.
   rCorr:     It protects you from acid and corrosion.
   Stlth+:    It makes you more stealthy.
Missiles
 q - 2 throwing nets (quivered)
Armour
 u - an orb of wrath (worn)
Jewellery
 g - an amulet of guardian spirit
 w - an amulet of regeneration (around mantle)
Talismans
 b - a beast talisman
 c - a flux talisman
 p - a maw talisman (active)
Wands
 i - a wand of charming (9)
 o - a wand of flame (39)
 t - a wand of roots (12)
Scrolls
 d - a scroll of enchant weapon
 f - 2 scrolls of revelation
 k - a scroll of teleportation
Potions
 a - a potion of lignification
 e - 2 potions of heal wounds
 j - 2 potions of degeneration
 l - a potion of ambrosia
 m - 2 potions of mutation
 n - 7 potions of curing
 s - 2 potions of resistance


   Skills:
 + Level 3.7 Fighting
 - Level 5.0 Dodging
 - Level 10.0 Unarmed Combat
 - Level 10.0 Shapeshifting


You had 9 spell levels left.
You didn't know any spells.
Your spell library contained the following spells:

 Spells                   Type           Power      Damage    Failure   Level
 Slow                     Hex            0%         N/A       32%         1
 Confusing Touch          Hex            0%         N/A       69%         3
 Sigil of Binding         Hex            0%         N/A       69%         3
 Vampiric Draining        Necr           0%         2d6       69%         3
 Cause Fear               Hex            0%         N/A       97%         4
 Passage of Golubria      Tloc           0%         N/A       97%         4
 Fireball                 Conj/Fire      0%         3d3       100%        5
 Silence                  Hex/Air        0%         N/A       100%        5
 Lehudib's Crystal Spear  Conj/Erth      0%         10d2      100%        8
 Dragon's Call            Summ           Unusable   N/A       N/A         9

Dungeon Overview and Level Annotations

Branches:
Dungeon (9/15)             Temple (1/1) D:5         Ossuary (visited)
   Lair: D:8-11         Orc: D:9-12

Altars:
Ashenzari
Gozag
Hepliaklqana
Kikubaaqudgha
Nemelex Xobeh
Okawaru
Qazlal
Ru
Sif Muna
Trog
Vehumet
Xom
Yredelemnul
Zin

Shops:
D:2 =   D:4 *   D:7 (   D:8 (


Innate Abilities, Weirdness & Mutations

You are a creature with a mouth for a stomach.
Your midsection houses a second, enormous mouth.
You cannot wear most types of armour.
You are amphibious.
You can wear up to eight rings at the same time.
Your skin changes colour to match your surroundings (Stealth+).
Your rubbery body absorbs attacks. (AC +1, EV +1)
((You are camouflaged when in or above water. (Stealth+)))
You have tentacles for arms and can constrict up to eight enemies at once.


Message History

Your squeeze misses the killer bee. You bite the killer bee!
You devour the killer bee!
You feel better.
You kill the killer bee!
Okawaru accepts your kill.
The killer bee stings you. x2; The killer bee stings you!
The killer bee completely misses you. The killer bee stings you!
The killer bee barely misses you. x3
You batter the killer bee!!
You kill the killer bee!
Okawaru accepts your kill. The killer bee misses you.
The killer bee stings you!
You are poisoned.
The killer bee poisons you!
Unknown command.
A red film seems to cover your vision as you go berserk!
You feel yourself moving faster!
You feel mighty!
You batter the killer bee!!
You kill the killer bee!
Okawaru accepts your kill.
You feel sick. The killer bee barely misses you. The killer bee stings you!
* * * LOW HITPOINT WARNING * * *
You are more poisoned.
The killer bee poisons you! The killer bee barely misses you.
The hornet closely misses you. The killer bee closely misses you.
The killer bee stings you.
* * * LOW HITPOINT WARNING * * *
The killer bee misses you.
Unknown command.
You closely miss the hornet. Your grab misses the hornet.
You feel sick. The hornet stings you.
* * * LOW HITPOINT WARNING * * *
You suddenly lose the ability to move!
The killer bee stings you!
* * * LOW HITPOINT WARNING * * *
You are more poisoned.
The killer bee poisons you! The killer bee stings you.
* * * LOW HITPOINT WARNING * * *
The killer bee stings you.
* * * LOW HITPOINT WARNING * * *
You are more poisoned.
The killer bee poisons you!
You die...

##############.
...............
...............
...............
.......y†#########
..<....yW.........
....<..yy.........
..................
...........#######
...........#
...........#
...........#######.#.
....................
...................


You could see a hornet and 3 killer bees.

Vanquished Creatures
  Jeremiah (D:6)
  Grinder (D:6)
  Sigmund (D:6)
  Grum (D:8)
  5 yaks (D:7)
  A steam dragon (D:7)
  An ice beast (D:8)
  An orc warrior (D:8)
  2 sky beasts
  2 black bears (D:6)
  3 wolves (D:8)
  A centaur (D:5)
  A phantom (D:4)
  3 kobold brigands
  2 elf zombies (Ossuary)
  2 bullfrogs
  A scorpion (D:6)
  3 wights (D:7)
  3 killer bees (D:9)
  2 howler monkeys
  2 jellies
  9 hounds
  A human zombie (Ossuary)
  8 orc priests
  4 iguanas
  Ijyb (D:4)
  7 orc wizards
  2 sleepcaps
  7 hound zombies (Ossuary)
  2 mummies (Ossuary)
  6 adders
  9 gnolls
  A white imp (D:5)
  4 adder zombies (Ossuary)
  4 dart slugs
  3 ribbon worms
  24 orcs
  4 ball pythons
  2 endoplasms
  A giant cockroach (D:2)
  8 gnoll zombies (Ossuary)
  9 goblins
  6 hobgoblins
  8 jackals
  3 quokkas
  3 bats
  6 frilled lizards
  5 jackal zombies (Ossuary)
  11 kobolds
  3 kobold zombies (Ossuary)
  6 orc zombies (Ossuary)
  7 rats
213 creatures vanquished.

Vanquished Creatures (others)
  A gnoll (D:4)
  A kobold (D:6)
2 creatures vanquished.

Grand Total: 215 creatures vanquished

Notes
Turn   | Place    | Note
-------+----------+-------------------------------------------
     0 | D:1      | Newt the Octopode Shapeshifter began the quest for the Orb.
     0 | D:1      | Reached XP level 1. HP: 13/13 MP: 1/1
   267 | D:1      | Reached XP level 2. HP: 18/19 MP: 2/2
  1127 | D:2      | Reached XP level 3. HP: 23/25 MP: 3/3
  1320 | D:2      | Found Wachalir's Jewellery Emporium.
  1629 | D:2      | Reached XP level 4. HP: 31/31 MP: 4/4
  2032 | D:3      | Reached XP level 5. HP: 34/36 MP: 5/5
  2151 | D:4      | Noticed a phantom
  2169 | D:4      | Killed a phantom
  2170 | D:4      | Reached skill level 5 in Shapeshifting
  2245 | D:4      | Found Kuiraca's CLEARANCE SALE!.
  2249 | D:4      | Identified the +7 falchion of Adverse Possession {venom,
                  | rC+ Will- rCorr Stlth+}
  2263 | D:4      | Reached XP level 6. HP: 22/42 MP: 2/6
  3042 | D:3      | Reached XP level 7. HP: 45/46 MP: 7/7
  3699 | D:4      | Noticed Ijyb
  3708 | D:4      | Killed Ijyb
  4322 | D:4      | Bought a maw talisman for 90 gold pieces
  4351 | D:5      | Entered Level 5 of the Dungeon
  4698 | D:5      | Reached skill level 5 in Unarmed Combat
  4871 | D:5      | Found a broken altar of Ashenzari.
  4925 | D:5      | Reached XP level 8. HP: 52/52 MP: 8/8
  5005 | D:5      | Found a staircase to the Ecumenical Temple.
  5018 | Temple   | Entered the Ecumenical Temple
  5239 | D:6      | Found a sacrificial altar of Ru.
  5243 | D:6      | Found a bloodstained altar of Trog.
  5243 | D:6      | Found an ancient bone altar of Kikubaaqudgha.
  5288 | D:6      | Found a sand-covered staircase.
  5298 | Ossuary  | Entered an ossuary
  5856 | D:6      | Found an opulent altar of Gozag.
  5857 | D:6      | Noticed Sigmund
  5887 | D:6      | Reached skill level 5 in Dodging
  5944 | D:6      | Killed Sigmund
  5978 | D:6      | Reached XP level 9. HP: 13/56 MP: 1/9
  6542 | D:6      | Noticed Jeremiah
  6557 | D:6      | Killed Jeremiah
  6849 | D:6      | Found a shimmering blue altar of Sif Muna.
  6854 | D:6      | Noticed Grinder
  6859 | D:6      | Killed Grinder
  6996 | D:6      | Found an iron altar of Okawaru.
  7015 | D:6      | Became a worshipper of Warmaster Okawaru
  7494 | D:7      | Reached skill level 10 in Shapeshifting
  7545 | D:7      | Reached * piety under Okawaru
  7554 | D:7      | Reached XP level 10. HP: 36/63 MP: 4/10
  7767 | D:7      | Found Rul Won's Weapon Emporium.
  8245 | D:7      | Found a hazy altar of Hepliaklqana.
  8634 | D:8      | Found Guuguysu's Antique Weapon Shoppe.
  8634 | D:8      | Noticed Grum
  8643 | D:8      | Killed Grum
  8643 | D:8      | Reached ** piety under Okawaru
  8644 | D:8      | HP: 4/94 [wolf[Grum] (3)]
  9098 | D:8      | Reached skill level 10 in Unarmed Combat
  9297 | D:9      | Paralysed by a hornet for 1 turns
  9297 | D:9      | HP: 2/94 [killer bee (6)]
  9298 | D:9      | Succumbed to a killer bee's poison

Illustrated notes

Levels and vault maps discovered:
D:1:      matt_arrival_spirals, layout_loops_corners
D:2:      layout_basic, serial_shops, nicolae_square_shop
D:3:      layout_loops_ring, hangedman_decor_growths
D:4:      layout_basic, nicolae_shop_clearance, uniq_ijyb
D:5:      layout_basic, kennysheep_mini, minmay_temple_entry_arrows
D:6:      layout_basic, mainiacjoe_overflow_cross_hatched,
          gammafunk_temple_overflow_forgotten, okawaru_altar_gauntlet_db,
          kennysheep_mini_moat, enter_ossuary_1, minmay_stone_trees_large,
          lemuel_flamethrower_2, uniq_grinder, uniq_sigmund, uniq_jeremiah
D:7:      layout_basic, worldfamousw_hep_ancestral_shrine, serial_shops, shop
D:8:      layout_loops_ring, serial_shops, shop, uniq_grum
D:9:      layout_long_grid, mainiacjoe_overflow_catwalk,
          grunt_temple_overflow_open, tso_metal_star,
          minmay_shop_enchanted_jewellery, glass_columns_a, minmay_statue_bubble
Temple:   hellmonk_temple_flake

Skill      XL: |  1  2  3  4  5  6  7  8  9 10 |
---------------+-------------------------------+-----
Fighting       | 2 3 |  3.7
Shapeshifting  | 4 5 6 7 8 10 | 10.0
Unarmed Combat | 5 6 8 10 | 10.0
Dodging        | 5 |  5.0

Action                     |  1- 3 |  4- 6 |  7- 9 | 10-12 || total
---------------------------+-------+-------+-------+-------++-------
  Melee: Unarmed           |    64 |    39 |   253 |    65 ||   421
         Constrict         |    18 |    15 |    75 |    14 ||   122
         Tentacles         |    14 |    13 |    75 |    13 ||   115
         Punch             |     2 |       |    13 |     3 ||    18
         Falchion          |       |    34 |    20 |       ||    54
         Maw               |       |       |       |    17 ||    17
  Evoke: Wand              |       |       |     2 |       ||     2
    Use: Scroll            |     2 |     5 |     7 |     3 ||    17
         Potion            |       |     2 |     5 |     2 ||     9
   Stab: Sleeping          |     7 |     8 |     5 |     3 ||    23
 Armour: Skin              |    25 |    33 |   120 |    55 ||   233
  Dodge: Dodged            |    35 |    30 |   147 |    40 ||   252
   Form: Beast             |     1 |       |       |       ||     1
         Maw               |       |       |       |     1 ||     1

Table legend: (Time is in decaauts)
 A = Elapsed time spent in this place.
 B = Non-inter-level travel time spent in this place.
 C = Inter-level travel time spent in this place.
 D = Time resting spent in this place.
 E = Time spent auto-exploring this place.
 F = Levels seen in this place.
 G = Mean time per level.
                   A        B        C        D        E       F      G
               +--------+--------+--------+--------+--------+-----+--------+
         Total |   9348 |   9016 |    332 |   2048 |   5577 |  11 |  849.8 |
       Dungeon |   8922 |   8590 |    332 |   1956 |   5431 |   9 |  991.3 |
        Temple |     28 |     28 |      0 |     27 |      0 |   1 |   28.0 |
       Ossuary |    396 |    396 |      0 |     65 |    146 |   1 |  396.0 |
               +--------+--------+--------+--------+--------+-----+--------+

Top non-repeatable levels by time:
     D:6: 1802 daAuts
     D:4: 1621 daAuts
     D:7: 1116 daAuts
     D:2: 1052 daAuts
     D:1: 967 daAuts
     D:5: 815 daAuts
     D:8: 805 daAuts
     D:3: 716 daAuts
 Ossuary: 396 daAuts
  Temple: 28 daAuts
     D:9: 24 daAuts
